 Dungeon Crawl Stone Soup version 0.29.1-13-g9f3cf754e1 (webtiles) character file.

Game seed: 13862854237620034036

31 tizbic2 the Ogre Mage (level 3, -3/52 HPs)
             Began as an Ogre Transmuter on Feb 7, 2023.
             Was a Plaything of Xom.
             Slain by a gnoll
             ... wielding a +0 whip
              (4 damage)
             ... on level 2 of the Dungeon.
             The game lasted 00:03:01 (768 turns).

tizbic2 the Ogre Mage (Ogre Transmuter)              Turns: 768, Time: 00:03:02

Health: -3/52      AC: 21    Str: 14    XL:     3   Next: 22%
Magic:  6/7        EV:  1    Int: 16    God:    Xom [..*...]
Gold:   58         SH:  0    Dex:  9    Spells: 7/8 levels left

rFire   . . .      SeeInvis .   d - +0 club
rCold   . . .      Faith    .   (no shield)
rNeg    . . .      Spirit   .   (body armour currently unavailable)
rPois   +          Reflect  .   (helmet currently unavailable)
rElec   .          Harm     .   (cloak currently unavailable)
rCorr   .          Rampage  .   (gloves unavailable)
Will    .....      NoTele   +   (boots unavailable)
Stlth   +.........              (no amulet)
HPRegen 0.17/turn               (no ring)
MPRegen 0.10/turn               (no ring)

@: tree-form
A: stationary, stasis, torment immunity, boosted hp, large, unfitting armour,
(tough skin 1)
a: Renounce Religion


You were on level 2 of the Dungeon.
You worshipped Xom.
You were a toy of Xom.
You were a tree.
You visited 1 branch of the dungeon, and saw 2 of its levels.

You collected 58 gold pieces.

Inventory:

Hand Weapons
 d - a +0 club (weapon)
Armour
 a - a +0 robe (melded)
Scrolls
 c - 2 scrolls of identify
 f - a scroll of enchant weapon {unknown}
 g - a scroll of blinking {unknown}
Potions
 e - a potion of brilliance {unknown}


   Skills:
 + Level 2.0 Fighting
 - Level 1.7 Dodging
 * Level 3.1 Unarmed Combat
 * Level 3.1 Spellcasting
 + Level 2.1 Transmutations


You had 7 spell levels left.
You knew the following spells:

 Your Spells              Type           Power      Damage    Failure   Level
a - Beastly Appendage     Tmut           18%        N/A       8%          1

Your spell library contained the following spells:

 Spells                   Type           Power      Damage    Failure   Level
 Wereblood                Tmut           9%         N/A       12%         2
 Apportation              Tloc           4%         N/A       19%         1
 Spider Form              Tmut/Pois      5%         N/A       34%         3
 Ice Form                 Ice/Tmut       5%         N/A       75%         4
 Alistair's Intoxication  Tmut/Pois      3%         N/A       97%         5


Dungeon Overview and Level Annotations

Branches:
Dungeon (2/15)

Altars:
Xom


Innate Abilities, Weirdness & Mutations

You are a tree.
Your roots penetrate the ground, keeping you stationary.
You cannot be teleported.
You are immune to unholy pain and torment.
Your maximum health is greatly increased.
Your equipment is partially melded.
You are too large for most types of armour.
((You have tough skin. (AC +1)))


Message History

Your transformation is almost over.
The gnoll misses you. The gnoll closely misses you.
You barely miss the gnoll.
The endoplasm quivers.
You headbutt the gnoll.
The gnoll is lightly wounded.
The gnoll barely misses you. The gnoll hits you with a +0 whip.
The gnoll hits you with a +3 spear!
You hit the gnoll. You claw the gnoll!
The gnoll is severely wounded.
The gnoll closely misses you. The gnoll hits you with a +3 spear.
* * * LOW HITPOINT WARNING * * *
The gnoll hits you with a +0 whip.
* * * LOW HITPOINT WARNING * * *
You hit the gnoll.
You kill the gnoll!
The gnoll barely misses you. x2
Your Fighting skill increases to level 2!
You have reached level 3!
Your experience leads to an increase in your attributes!
Increase (S)trength, (I)ntelligence, or (D)exterity?
You feel clever. x2; You feel stronger.
Really quaff the potion of lignification?
Your horns disappear.
Your talons disappear.
You turn into a tree.
Your +0 robe melds into your body.
Your roots penetrate the ground.
Xom smirks.
You detect creatures!
The gnoll hits you with a +0 whip.
* * * LOW HITPOINT WARNING * * *
The gnoll hits you but does no damage.
You barely miss the gnoll. The goblin hits you but does no damage.
The gnoll hits you but does no damage. x3
The goblin hits you but does no damage. The gnoll hits you but does no damage.
You hit the gnoll but do no damage. The goblin hits you but does no damage.
The gnoll hits you but does no damage. x2
You hit the gnoll but do no damage. The goblin hits you with a +0 dagger.
* * * LOW HITPOINT WARNING * * *
The gnoll hits you with a +0 whip.
You die...
Xom cackles wildly!

#.............
#.............
#...........#
##.........#
#..........#
#......w...#
#...g.g....#
#...)♣J....#
#...g..<...#
##........##
##......##
########


You could see a worm, 2 gnolls, an endoplasm and a goblin.

Vanquished Creatures
  A gnoll (D:2)
  2 dart slugs (D:1)
  2 ball pythons (D:1)
  An endoplasm (D:1)
  A giant cockroach (D:1)
  2 goblins (D:1)
  2 hobgoblins (D:1)
  A kobold (D:1)
  4 frilled lizards (D:1)
  2 rats (D:1)
18 creatures vanquished.

Notes
Turn   | Place    | Note
-------+----------+-------------------------------------------
     0 | D:1      | tizbic2 the Ogre Transmuter began the quest for the Orb.
     0 | D:1      | Reached XP level 1. HP: 19/19 MP: 3/3
   104 | D:1      | Found a faded altar of an unknown god.
   115 | D:1      | Prayed at the altar of an unknown god.
   115 | D:1      | Became a worshipper of Xom of Chaos
   271 | D:1      | Reached XP level 2. HP: 25/28 MP: 3/5
   495 | D:1      | XOM: divination: magic mapping
   765 | D:2      | Reached XP level 3. HP: 3/35 MP: 5/7
   765 | D:2      | XOM: divination: detect creatures
   768 | D:2      | HP: 1/52 [goblin/+0 dagger (3)]
   768 | D:2      | Slain by a gnoll

Illustrated notes

Levels and vault maps discovered:
D:1:      scummos_arrival_simple_crosswalls, layout_basic,
          ebering_ecumenical_altar_sacrificial
D:2:      layout_rooms, serial_shops, nicolae_shop_waterfront, kennysheep_potato

Skill      XL: |  1  2 |
---------------+-------+-----
Transmutations | 2 |  2.1
Unarmed Combat | 3 |  3.1
Spellcasting   | 3 |  3.1
Fighting       | 2 |  2.0
Dodging        | |  1.7

Action                   || total
-------------------------++-------
Melee: Unarmed           ||    11
       Club              ||    40
       Kick              ||    12
       Headbutt          ||     3
       Punch             ||     1
 Cast: Beastly Appendage ||     8
  Use: Scroll            ||     1
       Potion            ||     1
Armor: Robe              ||    10
       Skin              ||    10
Dodge: Dodged            ||    21
